TOP OF THE 1ST |
Memphis Blues batting - Pitching for Montgomery Biscuits : RHP Francisco Ríos
|
Pitching: RHP Francisco Ríos
|
|
Batting: SHB Terry Dailey
|
0-0: Swinging Strike 0-1: Ball 1-1: Ground out 1-3 (Groundball, 15S)
|
Batting: RHB Jaime Spiridon
|
0-0: Ball 1-0: Ground out 6-3 (Groundball, 6)
|
Batting: LHB Phil Cantrell
|
0-0: Ball 1-0: Swinging Strike 1-1: Ball 2-1: SINGLE (Groundball, 4MD)
|
Batting: RHB Scott Merritt
|
0-0: Ball 1-0: Ground out 5-3 (Groundball, 56S)
|
Top of the 1st over - 0 run(s), 1 hit(s), 0 error(s), 1 left on base; Memphis 0 - Montgomery 0 |
BOTTOM OF THE 1ST |
Montgomery Biscuits batting - Pitching for Memphis Blues : RHP Rafael Ressureio
|
Pitching: RHP Rafael Ressureio
|
|
Batting: RHB Carlos Vásquez
|
0-0: Called Strike 0-1: Ball 1-1: Called Strike 1-2: Fly out, F3 (Popup, 3SF)
|
Batting: RHB Peyton Yardley
|
0-0: Ball 1-0: Swinging Strike 1-1: Called Strike 1-2: Foul Ball, location: 2F 1-2: Strikes out looking
|
Batting: RHB Yujiro Kurihara
|
0-0: Foul Ball, location: 2F 0-1: Foul Ball, location: 2F 0-2: Foul Ball, location: 2F 0-2: SINGLE (Groundball, 6MD)
|
Batting: RHB Pete Smith
|
0-0: Ball 1-0: Swinging Strike 1-1: Foul Ball, location: 2F 1-2: Ball Wild Pitch! Yujiro Kurihara to second 2-2: Foul Ball, location: 2F 2-2: Foul Ball, location: 2F 2-2: Foul Ball, location: 2F 2-2: 2-RUN HOME RUN (Flyball, 89XD), Distance : 402 ft
|
Batting: RHB Juan Díaz
|
0-0: Called Strike 0-1: Fly out, F9 (Flyball, 9S)
|
Bottom of the 1st over - 2 run(s), 2 hit(s), 0 error(s), 0 left on base; Memphis 0 - Montgomery 2 |
TOP OF THE 2ND |
Memphis Blues batting - Pitching for Montgomery Biscuits : RHP Francisco Ríos
|
Batting: RHB Ed Starr
|
0-0: Ball 1-0: Ball 2-0: Ball 3-0: Called Strike 3-1: Foul Ball, location: 2F 3-2: Base on Balls
|
Batting: LHB John Foster
|
0-0: Ball 1-0: Foul Ball, location: 2F 1-1: Ball 2-1: Grounds into double play, 4-6-3 (Groundball, 4)
|
Batting: LHB Ricardo García
|
0-0: Foul Ball, location: 2F 0-1: Foul Ball, location: 2F 0-2: Ball 1-2: Ball 2-2: Foul Ball, location: 2F 2-2: Strikes out looking
|
Top of the 2nd over - 0 run(s), 0 hit(s), 0 error(s), 0 left on base; Memphis 0 - Montgomery 2 |
BOTTOM OF THE 2ND |
Montgomery Biscuits batting - Pitching for Memphis Blues : RHP Rafael Ressureio
|
Batting: LHB Curt Walker
|
0-0: Swinging Strike 0-1: Ground out U3 (Groundball, 3)
|
Batting: RHB Dave Williams
|
0-0: Ball 1-0: Foul Ball, location: 2F 1-1: Called Strike 1-2: Fly out, F5 (Line Drive, 56)
|
Batting: LHB Brian MacIntosh
|
0-0: Fly out, F7 (Flyball, 7LM)
|
Bottom of the 2nd over - 0 run(s), 0 hit(s), 0 error(s), 0 left on base; Memphis 0 - Montgomery 2 |
TOP OF THE 3RD |
Memphis Blues batting - Pitching for Montgomery Biscuits : RHP Francisco Ríos
|
Batting: SHB Fernando Gutiérrez
|
0-0: Ball 1-0: Fly out, F6 (Popup, 56)
|
Batting: RHB Ángel Hernández
|
0-0: Ground out 4-3 (Groundball, 4)
|
Batting: SHB Terry Dailey
|
0-0: Foul Ball, location: 2F 0-1: Ball 1-1: Called Strike 1-2: Ball 2-2: Ground out U3 (Groundball, 3)
|
Top of the 3rd over - 0 run(s), 0 hit(s), 0 error(s), 0 left on base; Memphis 0 - Montgomery 2 |
BOTTOM OF THE 3RD |
Montgomery Biscuits batting - Pitching for Memphis Blues : RHP Rafael Ressureio
|
Batting: SHB Tony Echevarría
|
0-0: Fly out, F7 (Line Drive, 8LXD)
|
Batting: RHB Carlos Vásquez
|
0-0: Ball 1-0: SINGLE (Groundball, 6MD)
|
Batting: RHB Peyton Yardley
|
0-0: Called Strike 0-1: Foul Ball, location: 2F 0-2: Ball Carlos Vásquez steals 2nd base 1-2: DOUBLE (Line Drive, 5D) Carlos Vásquez scores
|
Batting: RHB Yujiro Kurihara
|
0-0: Called Strike Peyton Yardley is caught stealing 3rd base 0-1: Ball 1-1: Swinging Strike 1-2: Ball 2-2: Fly out, F4 (Popup, 3D)
|
Bottom of the 3rd over - 1 run(s), 2 hit(s), 0 error(s), 0 left on base; Memphis 0 - Montgomery 3 |
TOP OF THE 4TH |
Memphis Blues batting - Pitching for Montgomery Biscuits : RHP Francisco Ríos
|
Batting: RHB Jaime Spiridon
|
0-0: Called Strike 0-1: SINGLE (Flyball, 78S)
|
Batting: LHB Phil Cantrell
|
0-0: Ball 1-0: Swinging Strike 1-1: Called Strike 1-2: Ball 2-2: Hit by Pitch Jaime Spiridon to second
|
Batting: RHB Scott Merritt
|
0-0: Called Strike 0-1: Ball 1-1: Foul Ball, location: 2F 1-2: Fly out, F8 (Line Drive, 8RM)
|
Batting: RHB Ed Starr
|
0-0: Foul Ball, location: 2F 0-1: Reached on error, E4 (Groundball, 4) Jaime Spiridon to third Phil Cantrell to second
|
Batting: LHB John Foster
|
0-0: Ball 1-0: Called Strike 1-1: Called Strike 1-2: Ball 2-2: Ball 3-2: Ground out U3 (Groundball, 3S) Jaime Spiridon scores Phil Cantrell to third Ed Starr to second
|
Batting: LHB Ricardo García
|
0-0: Called Strike 0-1: Reached on error, E3 (Groundball, 3) Phil Cantrell scores Ed Starr to third
|
Batting: SHB Fernando Gutiérrez
|
0-0: Called Strike 0-1: Ball 1-1: SINGLE (Line Drive, 6MD) Ed Starr scores Ricardo García to second Runner from 2nd tries for 3rd, SAFE, throw made to third
|
Batting: RHB Ángel Hernández
|
0-0: Ball 1-0: Called Strike 1-1: Ball 2-1: Ball 3-1: Foul Ball, location: 2F 3-2: Strikes out swinging
|
Top of the 4th over - 3 run(s), 2 hit(s), 2 error(s), 2 left on base; Memphis 3 - Montgomery 3 |
BOTTOM OF THE 4TH |
Montgomery Biscuits batting - Pitching for Memphis Blues : RHP Rafael Ressureio
|
Batting: RHB Pete Smith
|
0-0: Ground out 5-3 (Groundball, 5S)
|
Batting: RHB Juan Díaz
|
0-0: Swinging Strike 0-1: Foul Ball, location: 2F 0-2: Ball 1-2: Ball 2-2: Ball 3-2: Base on Balls
|
Batting: LHB Curt Walker
|
0-0: Ball 1-0: Ball 2-0: Ball 3-0: Base on Balls Juan Díaz to second
|
Batting: RHB Dave Williams
|
0-0: Ball 1-0: Fly out, F7 (Flyball, 7M)
|
Batting: LHB Brian MacIntosh
|
0-0: Called Strike 0-1: Foul Ball, location: 2F 0-2: SINGLE (Groundball, 4MD) (infield hit) Juan Díaz to third Curt Walker to second
|
Batting: SHB Tony Echevarría
|
0-0: Called Strike 0-1: Ball 1-1: Fly out, F7 (Flyball, 78M)
|
Bottom of the 4th over - 0 run(s), 1 hit(s), 0 error(s), 3 left on base; Memphis 3 - Montgomery 3 |
TOP OF THE 5TH |
Memphis Blues batting - Pitching for Montgomery Biscuits : RHP Francisco Ríos
|
Batting: SHB Terry Dailey
|
0-0: Called Strike 0-1: DOUBLE (Flyball, 8LXD)
|
Batting: RHB Jaime Spiridon
|
0-0: Ground out 1-3 (Groundball, 15)
|
Batting: LHB Phil Cantrell
|
0-0: SINGLE (Line Drive, 9S) Terry Dailey to third Runner from 3rd tries for Home, SAFE, no throw or cutoff
|
Batting: RHB Scott Merritt
|
0-0: Foul Ball, location: 2F 0-1: Ball 1-1: Ball Single, Error in OF, E7, batter to second base Phil Cantrell to third
|
Batting: RHB Ed Starr
|
0-0: Ball 1-0: Ball 2-0: Called Strike 2-1: Ground out 4-3 (Groundball, 34) Phil Cantrell scores Scott Merritt to third
|
Batting: LHB John Foster
|
0-0: Ball 1-0: Called Strike 1-1: Ball 2-1: SINGLE (Line Drive, 34D) Scott Merritt scores
|
Pitching: LHP Tony García
|
|
Batting: LHB Ricardo García
|
0-0: Ball 1-0: Ground out 1-3 (Groundball, 13)
|
Top of the 5th over - 3 run(s), 4 hit(s), 1 error(s), 1 left on base; Memphis 6 - Montgomery 3 |
BOTTOM OF THE 5TH |
Montgomery Biscuits batting - Pitching for Memphis Blues : RHP Rafael Ressureio
|
Batting: RHB Carlos Vásquez
|
0-0: Ball 1-0: Called Strike 1-1: Foul Ball, location: 2F 1-2: Ball 2-2: Foul Ball, location: 2F 2-2: Ball 3-2: Foul Ball, location: 2F 3-2: Strikes out swinging
|
Batting: RHB Peyton Yardley
|
0-0: Called Strike 0-1: Called Strike 0-2: Ball 1-2: Ball 2-2: Ball 3-2: Base on Balls
|
Batting: RHB Yujiro Kurihara
|
0-0: Foul Ball, location: 2F 0-1: Ball 1-1: Swinging Strike 1-2: Ball 2-2: Ball 3-2: Base on Balls Peyton Yardley to second
|
Pitching: RHP Carlos Ledezma
|
|
Batting: RHB Pete Smith
|
0-0: Ball 1-0: Called Strike 1-1: Ball 2-1: Ball 3-1: Foul Ball, location: 2F 3-2: DOUBLE (Groundball, 5L) Peyton Yardley scores Yujiro Kurihara to third
|
Batting: RHB Juan Díaz
|
0-0: Ball 1-0: Ball 2-0: Ball 3-0: Base on Balls
|
Batting: LHB Curt Walker
|
0-0: Ball 1-0: Ball 2-0: Ball 3-0: Called Strike 3-1: Called Strike 3-2: SINGLE (Groundball, 4MD) Yujiro Kurihara scores Pete Smith to third Juan Díaz to second Runner from 3rd tries for Home, SAFE, throw made home Juan Díaz to third Curt Walker to second
|
Batting: RHB Dave Williams
|
0-0: Ball 1-0: Foul Ball, location: 2F 1-1: Foul Ball, location: 2F 1-2: Foul Ball, location: 2F 1-2: Ball 2-2: Ground out 6-3 (Groundball, 6) Juan Díaz scores
|
Batting: LHB Brian MacIntosh
|
0-0: Called Strike 0-1: Ball 1-1: Swinging Strike 1-2: Strikes out swinging
|
Bottom of the 5th over - 4 run(s), 2 hit(s), 0 error(s), 1 left on base; Memphis 6 - Montgomery 7 |
TOP OF THE 6TH |
Memphis Blues batting - Pitching for Montgomery Biscuits : LHP Tony García
|
Batting: SHB Fernando Gutiérrez
|
0-0: Foul Ball, location: 2F 0-1: Swinging Strike 0-2: Ball 1-2: Ball 2-2: Hit by Pitch
|
Batting: RHB Ángel Hernández
|
0-0: Called Strike 0-1: Ball 1-1: Ball 2-1: Ball 3-1: Base on Balls Fernando Gutiérrez to second
|
Batting: SHB Terry Dailey
|
0-0: Foul Ball, location: 2F 0-1: Foul Ball, location: 2F 0-2: Foul Ball, location: 2F 0-2: Ball 1-2: Foul Ball, location: 2F 1-2: Foul Ball, location: 2F 1-2: Ball 2-2: SINGLE (Groundball, 34) Fernando Gutiérrez to third Ángel Hernández to second
|
Batting: RHB Jaime Spiridon
|
0-0: Called Strike 0-1: SINGLE (Groundball, 6MD) Fernando Gutiérrez scores Ángel Hernández to third Terry Dailey to second
|
Batting: LHB Phil Cantrell
|
0-0: Foul Ball, location: 2F 0-1: Called Strike 0-2: Ball 1-2: Strikes out swinging
|
Batting: RHB Scott Merritt
|
0-0: SINGLE (Groundball, 6D) Ángel Hernández scores Terry Dailey to third Jaime Spiridon to second Runner from 3rd tries for Home, SAFE, no throw or cutoff
|
Pitching: RHP Jorge Villalobos
|
|
Batting: RHB Ed Starr
|
0-0: Ball 1-0: Called Strike 1-1: Fielders Choice at 2nd, 3-6 (Groundball, 3) Jaime Spiridon to third
|
Batting: LHB John Foster
|
0-0: Ball 1-0: Ball 2-0: Ball 3-0: Called Strike 3-1: Base on Balls Ed Starr to second
|
Batting: LHB Ricardo García
|
0-0: Foul Ball, location: 2F 0-1: Foul Ball, location: 2F 0-2: Ball 1-2: Foul Ball, location: 2F 1-2: Ball 2-2: Ball 3-2: Strikes out swinging
|
Top of the 6th over - 3 run(s), 3 hit(s), 0 error(s), 3 left on base; Memphis 9 - Montgomery 7 |
BOTTOM OF THE 6TH |
Montgomery Biscuits batting - Pitching for Memphis Blues : RHP Carlos Ledezma
|
Batting: SHB Tony Echevarría
|
0-0: Ball 1-0: Ball 2-0: SINGLE (Groundball, 6M)
|
Batting: RHB Carlos Vásquez
|
0-0: Called Strike 0-1: Swinging Strike 0-2: Foul Ball, location: 2F 0-2: Strikes out swinging
|
Batting: RHB Peyton Yardley
|
0-0: Ball 1-0: Ball 2-0: Foul Ball, location: 2F 2-1: Ball 3-1: Base on Balls Tony Echevarría to second
|
Pitching: RHP David Bates
|
|
Batting: RHB Yujiro Kurihara
|
0-0: Grounds into double play, 4-6-3 (Groundball, 4)
|
Bottom of the 6th over - 0 run(s), 1 hit(s), 0 error(s), 1 left on base; Memphis 9 - Montgomery 7 |
TOP OF THE 7TH |
Memphis Blues batting - Pitching for Montgomery Biscuits : RHP Jorge Villalobos
|
Batting: SHB Fernando Gutiérrez
|
0-0: Ball 1-0: SINGLE (Groundball, 25) (infield hit)
|
Batting: RHB Ángel Hernández
|
0-0: Bunted foul 0-1: Sac Bunt - play at first, batter OUT! U3 Fernando Gutiérrez to second
|
Batting: SHB Terry Dailey
|
0-0: Ball 1-0: Ball 2-0: Called Strike 2-1: Ball 3-1: Swinging Strike 3-2: Ground out 6-3 (Groundball, 6M) Fernando Gutiérrez to third
|
Batting: RHB Jaime Spiridon
|
0-0: Called Strike 0-1: Ball 1-1: Fly out, F8 (Flyball, 8LXD)
|
Top of the 7th over - 0 run(s), 1 hit(s), 0 error(s), 1 left on base; Memphis 9 - Montgomery 7 |
BOTTOM OF THE 7TH |
Montgomery Biscuits batting - Pitching for Memphis Blues : RHP David Bates
|
Batting: RHB Pete Smith
|
0-0: Ball 1-0: Foul Ball, location: 2F 1-1: Foul Ball, location: 2F 1-2: Ball 2-2: Fly out, F8 (Flyball, 8LM)
|
Batting: RHB Juan Díaz
|
0-0: Called Strike 0-1: TRIPLE (Flyball, 9LS)
|
Batting: LHB Curt Walker
|
0-0: Ball 1-0: Ball 2-0: Ball 3-0: Called Strike 3-1: Base on Balls
|
Pinch Hitting: RHB Warren Martin
|
0-0: Called Strike 0-1: Ball 1-1: Fly out, F7 (Flyball, 78S) Runner from 3rd tags up, SCORES, throw made
|
Pitching: LHP Mario Galván
|
|
Batting: LHB Brian MacIntosh
|
0-0: Ground out U3 (Groundball, 3S)
|
Bottom of the 7th over - 1 run(s), 1 hit(s), 0 error(s), 1 left on base; Memphis 9 - Montgomery 8 |
TOP OF THE 8TH |
Memphis Blues batting - Pitching for Montgomery Biscuits : RHP Jorge Villalobos
|
Now at 2B: Roy Ayers
|
|
Batting: LHB Phil Cantrell
|
0-0: Foul Ball, location: 2F 0-1: Foul Ball, location: 2F 0-2: Strikes out swinging
|
Pitching: RHP Félix Andrade
|
|
Batting: RHB Scott Merritt
|
0-0: Ball 1-0: Foul Ball, location: 2F 1-1: Foul Ball, location: 2F 1-2: Ball 2-2: Foul Ball, location: 2F 2-2: Strikes out swinging
|
Batting: RHB Ed Starr
|
0-0: Ball 1-0: Foul Ball, location: 2F 1-1: Foul Ball, location: 2F 1-2: Ball 2-2: Ball 3-2: Fly out, F8 (Line Drive, 8RM)
|
Top of the 8th over - 0 run(s), 0 hit(s), 0 error(s), 0 left on base; Memphis 9 - Montgomery 8 |
BOTTOM OF THE 8TH |
Montgomery Biscuits batting - Pitching for Memphis Blues : LHP Mario Galván
|
Batting: SHB Tony Echevarría
|
0-0: Ball 1-0: Called Strike 1-1: Ball 2-1: Foul Ball, location: 2F 2-2: Foul Ball, location: 2F 2-2: Ball 3-2: Base on Balls
|
Batting: RHB Carlos Vásquez
|
0-0: Ball 1-0: Fly out, F5 (Line Drive, 5)
|
Batting: RHB Peyton Yardley
|
0-0: Called Strike 0-1: Ball 1-1: Sac Bunt - play at first, batter OUT! 3-4 Tony Echevarría to second
|
Batting: RHB Yujiro Kurihara
|
0-0: Called Strike 0-1: Foul Ball, location: 2F 0-2: Ball 1-2: Ball 2-2: SINGLE (Groundball, 34D) Tony Echevarría to third Runner from 3rd tries for Home, SAFE, no throw or cutoff
|
Pitching: LHP Fernando Palácios
|
|
Batting: RHB Pete Smith
|
0-0: Ball 1-0: Called Strike 1-1: Foul Ball, location: 2F 1-2: Ball 2-2: Ball 3-2: 2-RUN HOME RUN (Flyball, 7D), Distance : 365 ft
|
Batting: RHB Juan Díaz
|
0-0: Ground out 4-3 (Groundball, 4M)
|
Bottom of the 8th over - 3 run(s), 2 hit(s), 0 error(s), 0 left on base; Memphis 9 - Montgomery 11 |
TOP OF THE 9TH |
Memphis Blues batting - Pitching for Montgomery Biscuits : RHP Félix Andrade
|
Pitching: RHP Guillermo Lozano
|
|
Batting: LHB John Foster
|
0-0: Ground out U3 (Groundball, 3S)
|
Batting: LHB Ricardo García
|
0-0: Foul Ball, location: 2F 0-1: Ball 1-1: Ground out 4-3 (Groundball, 4M)
|
Batting: SHB Fernando Gutiérrez
|
0-0: Called Strike 0-1: Ground out 3-1 (Groundball, 34)
|
Top of the 9th over - 0 run(s), 0 hit(s), 0 error(s), 0 left on base; Memphis 9 - Montgomery 11 |
|